 Dungeon Crawl Stone Soup version 0.20.0-15-g7f486f2 (webtiles) character file.

135 Naow the Firebug (level 4, -4/24 HPs)
             Began as a Deep Elf Fire Elementalist on June 15, 2017.
             Shot with an arrow by a centaur (15 damage)
             ... on level 3 of the Dungeon on June 16, 2017.
             The game lasted 00:04:57 (2825 turns).

Naow the Firebug (Deep Elf Fire Elementalist)       Turns: 2825, Time: 00:04:58

Health: -4/24      AC:  2    Str:  5    XL:     4   Next: 96%
Magic:  10/12      EV: 13    Int: 21    God:
Gold:   141        SH:  0    Dex: 15    Spells: 10/11 levels left

rFire    . . .     SeeInvis .   f - +0 club
rCold    . . .     Gourm    .   (no shield)
rNeg     . . .     Faith    .   a - +0 robe
rPois    .         Spirit   .   (no helmet)
rElec    .         Reflect  .   (no cloak)
rCorr    .         Harm     .   (no gloves)
MR       .....                  (no boots)
Stlth    ++........             (no amulet)
Regen    0.1/turn               (no ring)
MPRegen  0.2/turn               (no ring)

@: no status effects
A: no striking features
a: no special abilities


You were on level 3 of the Dungeon.
You were not hungry.

You visited 1 branch of the dungeon, and saw 3 of its levels.

You collected 141 gold pieces.

Inventory:

Hand Weapons
 f - a +0 club (weapon)
Armour
 a - a +0 robe (worn)
Jewellery
 j - a +3 ring of dexterity {unknown}
Scrolls
 e - a scroll of immolation {unknown}
 h - 3 scrolls of remove curse {unknown}
 l - 3 scrolls of identify {unknown}
 n - a scroll of teleportation {unknown}
Potions
 d - 3 potions of curing {unknown}
 g - a potion of lignification {unknown}
 i - a potion of resistance {unknown}
 k - a potion of flight {unknown}
Books
 b - a book of Flames

   Spells                             Type                      Level
   a - Flame Tongue                   Conjuration/Fire             1
   b - Throw Flame                    Conjuration/Fire             2
   c - Conjure Flame                  Conjuration/Fire             3
   d - Inner Flame                    Hexes/Fire                   3
   e - Sticky Flame                   Conjuration/Fire             4
   f - Fireball                       Conjuration/Fire             5
Comestibles
 c - 2 bread rations
 m - 5 chunks of flesh


   Skills:
 - Level 2.4 Dodging
 - Level 2.4 Stealth
 + Level 4.4 Spellcasting
 + Level 2.9 Conjurations
 + Level 4.7 Fire Magic


You had 10 spell levels left.
You knew the following spells:

 Your Spells              Type           Power        Failure   Level  Hunger
a - Flame Tongue          Conj/Fire      ###..        2%          1    None


Dungeon Overview and Level Annotations

Branches:
Dungeon (3/15)

Altars:
Makhleb

Annotations:
D:2 exclusion: door


Message History

Casting: Flame Tongue
Confirm with . or Enter, or press ? or * to list all spells.
Aiming: Flame Tongue
Press: ? - help, Shift-Dir - straight line, f - centaur
Aim: a centaur, wielding a shortbow The flame tongue hits the centaur.
The centaur is lightly wounded.
The centaur shoots an arrow.
The arrow closely misses you.
A centaur is nearby!
Casting: Flame Tongue
Confirm with . or Enter, or press ? or * to list all spells.
Aiming: Flame Tongue
Press: ? - help, Shift-Dir - straight line, f/p - centaur
Aim: a centaur, wielding a shortbow (lightly wounded)
The flame tongue hits the centaur.
The centaur is lightly wounded.
The centaur shoots an arrow.
The arrow hits you.
The centaur shoots an arrow.
The arrow hits you!
Ouch! That really hurt!
You die...

#####.# <...#.# ..#.#.# #######
..#.#.# .%..).. ..#.#.# c......
..#.#'## .<..... ##.>...#
.......
.......##########.......
##...>.'........@.......
#.....#############+### #.....#
#....## ##.....# .....#
.......# ...##
.......##############..########
........)......................
.....############....#.#....##
.....# #....#......#


You could see a centaur.

Vanquished Creatures
  An orc priest (D:3)
  3 adders (D:2)
  A worm (D:2)
  2 dart slugs (D:1)
  5 leopard geckos
  2 orcs (D:3)
  A giant cockroach (D:1)
  7 goblins
  13 hobgoblins
  3 jackals (D:2)
  A quokka (D:2)
  2 ball pythons
  7 bats
  8 frilled lizards
  3 kobolds (D:2)
  3 rats
62 creatures vanquished.

Notes
Turn   | Place    | Note
-------+----------+-------------------------------------------
     0 | D:1      | Naow the Deep Elf Fire Elementalist began the quest for the Orb.
     0 | D:1      | Reached XP level 1. HP: 10/10 MP: 6/6
   226 | D:1      | Reached XP level 2. HP: 15/15 MP: 4/8
   719 | D:1      | Reached XP level 3. HP: 16/19 MP: 6/10
  1288 | D:2      | Found a burning altar of Makhleb.
  1935 | D:2      | Reached XP level 4. HP: 20/24 MP: 9/11
  2522 | D:2      | Found a faded altar of an unknown god.
  2823 | D:3      | Noticed a centaur
  2825 | D:3      | Shot with an arrow by a centaur

Skill      XL: |  1  2  3  4 |
---------------+-------------+-----
Fire Magic     | 4 |  4.7
Conjurations   | 2 |  2.9
Spellcasting   | 4 |  4.4
Dodging        | |  2.4
Stealth        | |  2.4

Action                   |  1- 3 |  4- 6 || total
-------------------------+-------+-------++-------
Melee: Unarmed           |    10 |       ||    10
       Club              |    13 |     6 ||    19
 Cast: Flame Tongue      |    83 |    37 ||   120
  Eat: Chunk             |     3 |     3 ||     6
Armor: Robe              |    12 |     5 ||    17
Dodge: Dodged            |    40 |    16 ||    56
